 Dungeon Crawl Stone Soup version 0.26-a0-649-gf8c6c3a (webtiles) character file.

Game seed: 13498344177015224758

308 Dorkslayer the Slasher (level 6, -9/72 HPs)
             Began as a Human Fighter on Sept 24, 2020.
             Was an Initiate of the Shining One.
             Mangled by an ogre
             ... wielding a +0 giant club
              (26 damage)
             ... on level 4 of the Dungeon on Sept 26, 2020.
             The game lasted 00:11:34 (3332 turns).

Dorkslayer the Slasher (Human Fighter)              Turns: 3332, Time: 00:11:34

Health: -9/72      AC: 12    Str: 18    XL:     6   Next: 68%
Magic:  6/6        EV:  5    Int:  8    God:    the Shining One [......]
Gold:   157        SH:  9    Dex: 13    Spells: 5/5 levels left

rFire    . . .     SeeInvis .   a - +0 long sword
rCold    . . .     Faith    .   c - +0 kite shield
rNeg     . . .     Spirit   .   n - +0 chain mail
rPois    .         Reflect  .   q - +0 helmet
rElec    .         Harm     .   (no cloak)
rCorr    .         Rampage  .   e - +0 pair of gloves
MR       .....                  o - +0 pair of boots
Stlth    ..........             (no amulet)
HPRegen  0.22/turn              u - ring of flight
MPRegen  0.10/turn              (no ring)

@: berserking, glowing, lightly drained, very quick
A: no striking features
a: Renounce Religion, Evoke Flight


You were on level 4 of the Dungeon.
You worshipped the Shining One.
The Shining One was noncommittal.
You visited 1 branch of the dungeon, and saw 4 of its levels.

You collected 157 gold pieces.

Inventory:

Hand Weapons
 a - a +0 long sword (weapon)
Missiles
 i - 6 boomerangs (quivered)
 p - 13 poisoned darts
Armour
 c - a +0 kite shield (worn)
 e - a +0 pair of gloves (worn)
 n - a +0 chain mail (worn)
 o - a +0 pair of boots (worn)
 q - a +0 helmet (worn)
Jewellery
 u - a ring of flight (left hand)
Wands
 d - a wand of polymorph (2)
 t - a wand of digging (5)
Scrolls
 b - a scroll of enchant weapon
 f - 2 scrolls of remove curse {unknown}
 g - a scroll of amnesia
 h - 2 scrolls of magic mapping
 j - 2 scrolls of enchant armour {unknown}
 l - 3 scrolls of fog {unknown}
 r - a scroll of immolation
 s - 2 scrolls of teleportation


   Skills:
 + Level 3.9(3.5) Fighting
 + Level 4.2(3.8) Long Blades
 + Level 0.1(0.0) Throwing
 + Level 3.9(3.5) Armour
 + Level 1.3(0.9) Dodging
 + Level 4.1(3.7) Shields


You had 5 spell levels left.
You didn't know any spells.
Your spell library was empty.

Dungeon Overview and Level Annotations

Branches:
Dungeon (4/15)
 Temple: D:4-7

Altars:
Sif Muna
The Shining One


Message History

You closely miss the ogre.
The ogre is lightly wounded.
The ogre hits you with a +0 giant club!!
You hit the ogre.
The ogre is moderately wounded.
You block the ogre's attack.
Your chain mail prevents you from hitting the ogre.
The ogre is moderately wounded.
You block the ogre's attack.
You hit the ogre.
The ogre is moderately wounded.
You block the ogre's attack.
You hit the ogre.
The ogre is heavily wounded.
The ogre hits you with a +0 giant club.
* * * LOW HITPOINT WARNING * * *
A red film seems to cover your vision as you go berserk!
You feel yourself moving faster!
You feel mighty!
The ogre hits you with a +0 giant club!!
You die...

#..†......# ##
###.######## # #......#
# #.#.##.# ## #.#.##.#
##. #..#.#.# ##..
#.###..## ##...
..#.#####..#....####....
....SlO@...........'....
..#.#####.......###.....
#....#.## #.#...
#.#.#..# ##.##..
#.#....###...##.
#.##...##.._..##
#......##.8.8.##
#.###.####'#### ... ##


You could see an ogre, an adder and a leopard gecko.

Vanquished Creatures
  A hound (D:4)
  Ijyb (D:3)
  An orc wizard (D:3)
  4 gnolls (D:3)
  6 adders
  A white imp (D:2)
  An ooze (D:3)
  A worm (D:3)
  2 dart slugs
  3 leopard geckos (D:2)
  22 orcs
  2 giant cockroaches
  10 goblins
  10 hobgoblins
  6 jackals
  9 kobolds
  A quokka (D:3)
  A ball python (D:4)
  6 bats
  2 frilled lizards
  6 rats
96 creatures vanquished.

Notes
Turn   | Place    | Note
-------+----------+-------------------------------------------
     0 | D:1      | Dorkslayer the Human Fighter began the quest for the Orb.
     0 | D:1      | Reached XP level 1. HP: 18/18 MP: 1/1
   135 | D:1      | Reached XP level 2. HP: 20/24 MP: 2/2
   377 | D:1      | Reached XP level 3. HP: 25/29 MP: 3/3
  1101 | D:2      | Reached XP level 4. HP: 33/35 MP: 4/4
  1921 | D:3      | Reached XP level 5. HP: 41/41 MP: 5/5
  2116 | D:3      | Upgraded the game from 0.26-a0-646-g5d77183 to
                  | 0.26-a0-649-gf8c6c3a
  2162 | D:3      | Found a glowing golden altar of the Shining One.
  2206 | D:3      | Became a worshipper of the Shining One
  2276 | D:3      | Noticed Ijyb
  2312 | D:3      | Killed Ijyb
  2312 | D:3      | Reached XP level 6. HP: 48/48 MP: 6/6
  2338 | D:3      | Reached skill level 1 in Dodging
  3249 | D:4      | Found a shimmering blue altar of Sif Muna.
  3322 | D:4      | Noticed an ogre
  3332 | D:4      | Mangled by an ogre

Illustrated notes

Levels and vault maps discovered:
D:1:      dpeg_chamrin_arrival_tetris, layout_basic, serial_bayou_pond_e
D:2:      layout_loops_ring, kennysheep_donut, minmay_circle_x
D:3:      kennysheep_six_static_rooms, layout_basic,
          nicolae_overflow_crystal_walls, uniq_ijyb
D:4:      layout_loops_corners, zin_angel, led_sif_book, uniq_grinder

Skill      XL: |  1  2  3  4  5  6 |
---------------+-------------------+-----
Long Blades    | 3 4 |  4.2
Dodging        | 1 |  1.3
Shields        | 4 |  4.1
Fighting       | |  3.9
Throwing       | |  0.1
Armour         | |  3.9

Action                   |  1- 3 |  4- 6 || total
-------------------------+-------+-------++-------
Melee: Long sword        |   111 |   263 ||   374
Throw: Boomerang         |       |     5 ||     5
  Use: Potion            |       |     4 ||     4
       Scroll            |       |     7 ||     7
Armor: Scale mail        |    48 |     4 ||    52
       Chain mail        |       |   233 ||   233
       Skin              |       |    65 ||    65
Dodge: Dodged            |    33 |    72 ||   105
Block: Kite shield       |    52 |   160 ||   212
       Rpst.: Long sword |    11 |    24 ||    35

Table legend: (Time is in decaauts)
 A = Elapsed time spent in this place.
 B = Non-inter-level travel time spent in this place.
 C = Inter-level travel time spent in this place.
 D = Time resting spent in this place.
 E = Time spent auto-exploring this place.
 F = Levels seen in this place.
 G = Mean time per level.
                   A        B        C        D        E       F      G
               +--------+--------+--------+--------+--------+-----+--------+
         Total |   3457 |   3457 |      0 |    292 |    621 |   4 |  864.2 |
       Dungeon |   3457 |   3457 |      0 |    292 |    621 |   4 |  864.2 |
               +--------+--------+--------+--------+--------+-----+--------+

Top non-repeatable levels by time:
     D:3: 1284 daAuts
     D:1: 957 daAuts
     D:2: 856 daAuts
     D:4: 358 daAuts
